 Dungeon Crawl Stone Soup version 0.26.1-10-gdfb7c7de75 (webtiles) character file.

Game seed: 13295058365479337666

648 tardwrangler69 the Chopper (level 7, 0/61 HPs)
             Began as a Minotaur Fighter on Apr 3, 2021.
             Slain by scottley's ghost (13 damage)
             ... on level 4 of the Dungeon.
             The game lasted 00:03:13 (3631 turns).

tardwrangler69 the Chopper (Minotaur Fighter)       Turns: 3631, Time: 00:03:13

Health: 0/61       AC:  9    Str: 22    XL:     7   Next: 27%
Magic:  6/6        EV: 10    Int:  5    God:
Gold:   196        SH: 10    Dex: 16    Spells: 6/6 levels left

rFire    . . .     SeeInvis .   a - +0 war axe
rCold    . . .     Faith    .   c - +0 kite shield
rNeg     . . .     Spirit   .   b - +0 scale mail
rPois    .         Reflect  .   (helmet restricted)
rElec    .         Harm     .   (no cloak)
rCorr    .         Rampage  .   s - +1 pair of gloves {archery}
Will     .....                  (no boots)
Stlth    ..........             (no amulet)
HPRegen  0.20/turn              j - +6 ring of dexterity
MPRegen  0.10/turn              (no ring)

@: no status effects
A: retaliatory headbutt, horns 2
a: no special abilities


You were on level 4 of the Dungeon.
You visited 1 branch of the dungeon, and saw 4 of its levels.

You collected 196 gold pieces.

Inventory:

Hand Weapons
 a - a +0 war axe (weapon)
Armour
 b - a +0 scale mail (worn)
 c - a +0 kite shield (worn)
 s - a +1 pair of gloves of archery (worn)
Jewellery
 j - a +6 ring of dexterity (left hand)
Scrolls
 f - 8 scrolls of remove curse {unknown}
 i - 5 scrolls of identify {unknown}
 k - 4 scrolls of blinking {unknown}
 m - 2 scrolls of immolation {unknown}
 n - 2 scrolls of enchant weapon {unknown}
 o - 2 scrolls of fear {unknown}
 r - 2 scrolls of magic mapping {unknown}
 v - a scroll of teleportation {unknown}
 w - a scroll of amnesia {unknown}
 y - 2 scrolls of enchant armour {unknown}
Potions
 d - 2 potions of might
 e - 3 potions of mutation {unknown}
 g - 2 potions of haste {unknown}
 h - a potion of attraction {unknown}
 l - 2 potions of flight {unknown}
 p - a potion of curing
 q - a potion of ambrosia {unknown}
 t - a potion of brilliance {unknown}
 u - a potion of lignification {unknown}
 x - a potion of resistance {unknown}


   Skills:
 + Level 5.6 Fighting
 * Level 6.4 Axes
 + Level 5.5 Armour
 + Level 3.5 Dodging
 - Level 3.6 Shields


You had 6 spell levels left.
You didn't know any spells.
Your spell library was empty.

Dungeon Overview and Level Annotations

Branches:
Dungeon (4/15)
 Temple: D:4-7

Altars:

Annotations:
D:4 scottley's ghost, novice TrMo


Innate Abilities, Weirdness & Mutations

You reflexively headbutt those who attack you in melee.
You have a pair of horns on your head.


Message History

Scottley's ghost is heavily damaged.
You block scottley's ghost's attack. Scottley's ghost hits you!
You slash scottley's ghost!
Scottley's ghost is severely damaged.
Scottley's ghost hits you!
You closely miss scottley's ghost.
Scottley's ghost is severely damaged.
Scottley's ghost hits you!
Your shield and scale mail prevent you from hitting scottley's ghost.
Your headbutt misses scottley's ghost.
Scottley's ghost is severely damaged.
Scottley's ghost misses you.
You hit scottley's ghost but do no damage.
Scottley's ghost is severely damaged.
Scottley's ghost completely misses you. Scottley's ghost hits you!
* * * LOW HITPOINT WARNING * * *
You hit scottley's ghost but do no damage.
Scottley's ghost is severely damaged.
Scottley's ghost hits you!
You die...

#.........≈≈≈≈≈⌠≈≈≈
####......≈≈≈≈8≈8≈≈
#......≈≈≈≈≈≈≈≈≈
###....≈≈≈≈≈≈≈≈≈ ##
#....≈≈≈≈≈≈≈≈≈
#♣8♣###....8≈≈≈≈≈≈≈≈
#./.##............(.
##W##...............
#..@..#.............
##...##....♣.♣.♣.♣.♣
######.............
#.............
##.#.#...##...
#######..#...
#....#... ##...#...
##.....#


You could see scottley's ghost.

Vanquished Creatures
  Menkaure (D:4)
  A phantom (D:4)
  A hound (D:4)
  An orc priest (D:4)
  An orc wizard (D:4)
  2 worker ants (D:4)
  Natasha (thrice) (D:4)
  14 adders
  2 worms
  2 dart slugs
  4 leopard geckos
  5 orcs
  4 giant cockroaches
  13 goblins
  8 hobgoblins
  2 jackals (D:1)
  3 quokkas
  7 ball pythons
  8 bats
  3 frilled lizards
  7 kobolds
  7 rats
  2 bushes (D:3)
101 creatures vanquished.

Notes
Turn   | Place    | Note
-------+----------+-------------------------------------------
     0 | D:1      | tardwrangler69 the Minotaur Fighter began the quest for the
                  | Orb.
     0 | D:1      | Reached XP level 1. HP: 19/19 MP: 0/0
    55 | D:1      | Reached XP level 2. HP: 21/27 MP: 1/1
   144 | D:1      | Reached skill level 3 in Axes
   167 | D:1      | Reached skill level 1 in Dodging
   279 | D:1      | Reached XP level 3. HP: 29/33 MP: 2/2
  1184 | D:2      | Reached XP level 4. HP: 36/40 MP: 3/3
  1258 | D:2      | Reached skill level 4 in Axes
  1691 | D:3      | Reached XP level 5. HP: 44/47 MP: 4/4
  2858 | D:4      | Noticed Menkaure
  2864 | D:4      | Killed Menkaure
  2865 | D:4      | Reached skill level 5 in Fighting
  2865 | D:4      | Reached skill level 5 in Axes
  2865 | D:4      | Reached XP level 6. HP: 56/56 MP: 5/5
  2904 | D:4      | Reached skill level 5 in Armour
  2906 | D:4      | Noticed Natasha
  2917 | D:4      | Killed Natasha
  3054 | D:4      | Reached skill level 6 in Axes
  3099 | D:4      | Reached XP level 7. HP: 57/61 MP: 6/6
  3132 | D:4      | Noticed Natasha
  3140 | D:4      | Killed Natasha
  3157 | D:4      | Found a runed translucent door.
  3157 | D:4      | Noticed scottley's ghost (novice TrMo)
  3580 | D:4      | Noticed Natasha
  3586 | D:4      | Killed Natasha
  3631 | D:4      | Slain by scottley's ghost

Illustrated notes

Levels and vault maps discovered:
D:1:      kennysheep_arrival_seaside, layout_rooms
D:2:      layout_rooms, minmay_snake_closets
D:3:      layout_loops_corners, minmay_hedge_maze, serial_bayou_ford_a,
          minmay_misc_feat_secret_circle
D:4:      layout_cave_pools, serial_park, serial_park_fountain,
          serial_park_avenue1, serial_park_tiny_1, serial_park_tiny_1,
          gammafunk_ghost_grave, uniq_natasha, uniq_menkaure

Skill      XL: |  1  2  3  4  5  6 |
---------------+-------------------+-----
Axes           | 3 4 5 6 |  6.4
Dodging        | 1 2 3 |  3.5
Armour         | 4 5 |  5.5
Fighting       | 4 5 |  5.6
Shields        | |  3.6

Action                   |  1- 3 |  4- 6 |  7- 9 || total
-------------------------+-------+-------+-------++-------
Melee: War axe           |   114 |   181 |    38 ||   333
       Headbutt          |     8 |    52 |    10 ||    70
Armor: Scale mail        |    52 |    37 |     9 ||    98
Dodge: Dodged            |    39 |    38 |    14 ||    91
Block: Kite shield       |    63 |    55 |     8 ||   126
